 BcadrenCrawl: Boulder Brew version 0.06-688-g08e91b2d95 (webtiles) character file.

Game seed: 13534691907225069026

561 Angani the Skirmisher (level 7, -1/89 HPs) Blue Draconian Demonspawn. Began on Jan 17, 2023. Slain by a jelly (2 damage) ... on level 2 of the Dungeon on Jan 18, 2023. The game lasted 00:07:33 (2165 turns).

Angani the Skirmisher (Blue Draconian Demonspawn)   Turns: 2165, Time: 00:07:34

Health: -1/89      AC:  8    Str: 17    XL:     7 ^: 624
Magic:  0/15       EV: 13    Int: 12    God:
Gold:   36         SH:  0    Dex: 23    Spells: 16/17 levels left

rFire    . . .     Slash    +   a - +0 trident
rCold    . . .     Pierce   x   (no weapon)
rNeg     . . .     Bludgeon .   (armour unavailable)
rCorr    + . .     Vision   .   (helmet restricted)
rPois    .         Gourm    .   (no cloak)
rElec    +         Faith    .   h - +0 pair of gloves
MR       .....     Spirit   +   (boots unavailable)
HPRegen  0.39/turn Reflect  .   (no amulet)
MPRegen  0.50/turn Harm     .   g - ring of dexterity
Stlth    ++........             m - ring of resist corrosion

@: short of breath
A: talons, deformed body 2, DEX +6, magic shield, magic regeneration,
cold-blooded, rot immunity, air enhancer 1, rElec, draconic flesh, AC +7
a: Breathe Lightning


You were on level 2 of the Dungeon.
You were hungry.

You visited 1 branch of the dungeon, and saw 2 of its levels.

You collected 36 gold pieces.

Inventory:

Weapons
 a - a +0 trident (weapon)
Armour
 h - a +0 pair of gloves (worn)
Jewellery
 d - a cursed ring of dexterity {(Curse: Str-4)}
 g - a ring of dexterity (left hand)
 i - an uncursed ring of positive energy
 k - a cursed ring of evasion {(Curse: *Corrode)}
 l - an uncursed ring of positive energy
 m - a ring of resist corrosion (right hand)
Scrolls
 e - a scroll of bless item
Potions
 f - a potion of cancellation
Comestibles
 c - 3 rations


   Skills:
 + Level 5.9 Fighting
 - Level 1.5 Polearms
 - Level 2.4 Dodging
 - Level 1.3 Stealth
 + Level 5.9 Spellcasting
 - Level 1.5 Fire Magic
   Level 3.0 Invocations


You had 16 spell levels left.
You knew the following spells:

 Your Spells              Type           Power        Failure   Level  Hunger
a - Flame Tongue          Fire           7 (30)       10%         1    0

Your spell library contained the following spells:

 Spells                   Type           Power        Failure   Level  Hunger
 Slow                     Hex            3 (100)      19%         1    0
 Blink Tloc N/A 28% 2 9-49 Call Imp Summ 3 (100) 28% 2 9-49 Conjure Flame Fire 7 (100) 28% 3 49-109 Mephitic Cloud Pois/Air       5 (100)      50%         3    49-109


Dungeon Overview and Level Annotations

Branches:
Dungeon (2/8)

Altars:


Innate Abilities, Weirdness & Mutations

Your flickering blue scales are resilient. (AC +7)
You can breathe wild blasts of lightning You have razor-sharp talons for feet.
You cannot wear any armour on your peculiar form.
When hurt, damage is shared between your health and your magic reserves.
You regenerate magic rapidly.
You are cold-blooded and are slowed more easily by cold attacks.
You are immune to rotting.
You are in touch with the powers of the sky.
Your flickering blue scales grant you resistance to electric shocks. (rElec)
Your scales resist being cut, but it's oddly easy to stick a small blade between them. (rSlashing+, rPiercing-)
You are extremely agile. (DEX +6)


Message History

* * * LOW HITPOINT WARNING * * *
You hit the jelly (2).
It is struck brutally!
The jelly is severely wounded. (13/40) HP The jelly hits you but does no damage.
You hit the jelly (1).
It resists.
Your hands burn (2).
You hit the jelly (2).
It is struck brutally!
You claw the jelly (8)! You tail-slap the jelly (3).
You kill the jelly!
You hit the jelly (2).
It resists.
Your hands burn (1).
You hit the jelly (2).
It is struck brutally!
You claw the jelly, but do no damage.
The jelly is moderately wounded. (23/32) HP The jelly hits you but does no damage.
You hit the jelly (2).
It resists.
Your hands burn (1).
* * * LOW HITPOINT WARNING * * *
You hit the jelly (2).
It is struck brutally!
You claw the jelly (6). You tail-slap the jelly (5).
The jelly is severely wounded. (8/32) HP The jelly hits you (3).
You die...

..≈≈≈≈≈≈≈b≈≈≈≈b≈≈≈rrb.≈≈≈≈≈≈≈≈≈≈≈
≈...≈bb≈..≈≈≈≈≈≈≈≈≈≈≈≈.≈≈≈≈≈≈≈≈≈≈
≈≈÷PP≈≈÷P..≈≈≈≈†r.≈≈≈≈≈.≈≈≈≈≈≈≈≈b
≈≈......≈≈≈.≈≈..†≈≈≈..≈...≈ .....
#.#.....÷≈≈....#####≈..#≈#.#.....
..≈.≈≈#.≈≈≈≈≈#≈≈####≈.≈..##.≈J...
...≈###≈....≈##≈#≈#.≈..#≈.wJ.#≈.#
..≈##.≈.≈≈.≈.##J#≈##..≈##.≈### ≈
.###.≈≈≈≈≈÷≈≈#.†@≈###w.#####
##≈≈≈##≈≈≈≈..###.##...##
##≈####≈≈≈≈≈.# ###≈..≈#
..###≈#≈≈≈≈≈.# #..###
.##≈≈≈#≈≈≈≈≈≈# #.J#
≈#≈≈##.≈≈≈≈≈≈# #≈≈##
##.##≈#≈≈≈≈≈≈# ####..#
..≈#≈##≈≈≈≈≈≈# #≈...≈#
#.###≈#≈≈≈≈≈≈# #..≈≈##


You could see a jelly.

Vanquished Creatures
  A crocodile (D:2)
  3 jellies (D:2)
  2 giant cockroaches
  4 adders (D:2)
  22 sewer rats
  6 cinder newts
  2 worms (D:2)
  3 oozes
  2 dart slugs (D:1)
  3 leopard geckos
  An adder skeleton (D:2)
  A ball python (D:1)
  6 goblins (D:1)
  7 hobgoblins (D:1)
  6 kobolds (D:1)
  6 bats (D:1)
  7 rats
82 creatures vanquished.

Vanquished Creatures (others)
  A worm (D:2)
  A leopard gecko (D:2)
  2 bats (D:2)
  A kobold (D:2)
  A ball python (D:2)
  A bat skeleton (D:2)
  A goblin skeleton (D:2)
  7 giant blowflies (D:2)
  2 slimeheads (D:2)
  120 withered plants (D:2)
137 creatures vanquished.

Grand Total: 219 creatures vanquished

Notes
Turn   | Place    | Note
-------+----------+-------------------------------------------
     0 | D:1      | Angani the Immature Draconian Demonspawn began the quest
                  | for the Orb.
     0 | D:1      | Reached XP level 1. HP: 29/29 MP: 3/3
   237 | D:1      | Gained mutation: When hurt, damage is shared between your
                  | health and your magic reserves. [demonic ancestry]
   237 | D:1      | Reached XP level 2. HP: 39/39 MP: 5/5
   393 | D:1      | Reached XP level 3. HP: 49/49 MP: 6/6
   634 | D:1      | Gained mutation: You have razor-sharp talons for feet.
                  | [demonic ancestry]
   634 | D:1      | Reached XP level 4. HP: 59/59 MP: 8/8
  1154 | D:2      | Noticed a crocodile
  1224 | D:2      | Gained mutation: You regenerate magic rapidly. [demonic
                  | ancestry]
  1224 | D:2      | Reached XP level 5. HP: 60/69 MP: 8/11
  1589 | D:2      | Gained mutation: You are immune to rotting. [demonic
                  | ancestry]
  1589 | D:2      | Reached XP level 6. HP: 66/79 MP: 13/13
  1660 | D:2      | Reached skill level 5 in Spellcasting
  1675 | D:2      | Reached skill level 5 in Fighting
  2073 | D:2      | Noticed a water moccasin
  2149 | D:2      | HP: 1/79 [sewer rat (4)]
  2155 | D:2      | Your scales start taking on a flickering blue colour.
  2155 | D:2      | Reached XP level 7. HP: 3/89 MP: 3/15
  2155 | D:2      | Gained mutation: Your flickering blue scales grant you
                  | resistance to electric shocks. (rElec) [Blue Draconian
                  | growth]
  2155 | D:2      | Gained mutation: You are in touch with the powers of the
                  | sky. [Blue Draconian growth]
  2159 | D:2      | HP: 3/89 [acid (2)]
  2161 | D:2      | HP: 1/89 [acid (2)]
  2165 | D:2      | Slain by a jelly

Illustrated notes

Levels and vault maps discovered:
D:1:      saegor_arrival_under_anarchy, layout_basic
D:2:      layout_sewer, grunt_gozag_statues

Skill      XL: |  1  2  3  4  5  6 |
---------------+-------------------+-----
Spellcasting   | 2 3 4 5 |  5.9
Fighting       | 2 3 4 5 |  5.9
Polearms       | |  1.5
Dodging        | |  2.4
Stealth        | |  1.3
Fire Magic     | |  1.5
Invocations    | |  3.0

Action                   |  1- 3 |  4- 6 |  7- 9 || total
-------------------------+-------+-------+-------++-------
Melee: Trident           |    59 |   189 |     9 ||   257
       Unarmed           |    29 |   155 |     9 ||   193
       Peck              |     9 |    21 |     2 ||    32
       Kick              |       |    79 |     7 ||    86
Throw: Stone             |     1 |       |       ||     1
 Cast: Flame Tongue      |     5 |    18 |       ||    23
 Abil: Breathe Dart      |       |     1 |       ||     1
       Breathe Lightning |       |       |     1 ||     1
  Use: Potion            |     1 |     1 |       ||     2
 Stab: Sleeping          |     3 |     4 |       ||     7
       Distracted        |     1 |       |       ||     1
  Eat: Chunk             |       |     5 |       ||     5
Armor: Skin              |    14 |    74 |     7 ||    95
Dodge: Dodged            |    11 |    71 |     1 ||    83
